 Dungeon Crawl Stone Soup version 0.28-a0-664-gc179e30c89 (webtiles) character file.

Game seed: 14336308571847199205

118238 Armakuni the Stormcaller (level 16, -5/122 HPs)
             Began as a Black Draconian Conjurer on Oct 13, 2021.
             Was a High Priest of the Shining One.
             Slain by a salamander (6 damage)
             ... on level 2 of the Snake Pit on Oct 16, 2021.
             The game lasted 01:52:45 (41407 turns).

Armakuni the Stormcaller (DrCj)                    Turns: 41407, Time: 01:52:45

Health: -5/122     AC: 13    Str: 14    XL:     16   Next: 25%
Magic:  28/30      EV: 13    Int: 31    God:    the Shining One [*****.]
Gold:   1746       SH:  7    Dex:  9    Spells: 7/35 levels left

rFire   + . .      SeeInvis .   a - staff of air
rCold   + . .      Faith    +   r - +3 buckler
rNeg    + + .      Spirit   .   (armour unavailable)
rPois   .          Reflect  .   (helmet restricted)
rElec   +          Harm     .   v - scarf {rC+ rF+}
rCorr   .          Rampage  .   F - +2 pair of gloves {Str+3}
Will    +....                   k - +0 pair of boots
Stlth   +.........              U - amulet of faith
HPRegen 0.30/turn               I - +6 ring of intelligence
MPRegen 0.22/turn               S - +4 ring of slaying

@: flying, glowing
A: breathe lightning, AC +9, unfitting armour, big wings, electricity
resistance, cold-blooded
a: Breathe Lightning, Renounce Religion, Divine Shield, Cleansing Flame, Summon
Divine Warrior


You were on level 2 of the Snake Pit.
You worshipped the Shining One.
The Shining One was extremely pleased with you.
You visited 5 branches of the dungeon, and saw 26 of its levels.

You collected 4119 gold pieces.
You spent 2373 gold pieces at shops.

Inventory:

Hand Weapons
 b - a +9 broad axe of holy wrath
Missiles
 d - 2 throwing nets
 t - 2 curare-tipped darts
Armour
 k - a +0 pair of boots (worn)
 r - a +3 buckler (worn)
 v - a scarf of resistance (worn)
 F - a +2 pair of gloves of strength (worn)
Magical Staves
 a - a staff of air (weapon)
Jewellery
 x - a ring of ice
 I - a +6 ring of intelligence (left hand)
 J - a ring of protection from fire
 S - a +4 ring of slaying (right hand)
 U - an amulet of faith (around neck)
Wands
 c - a wand of charming (15)
 N - a wand of paralysis (9)
 O - a wand of iceblast (15)
 P - a wand of acid (5)
Scrolls
 f - 2 scrolls of amnesia
 g - 2 scrolls of immolation
 m - 5 scrolls of silence
 p - 6 scrolls of teleportation
 y - 7 scrolls of identify
 z - 2 scrolls of fog
 A - a scroll of blinking
 D - a scroll of enchant armour
 H - 2 scrolls of magic mapping
 K - a scroll of summoning
 M - a scroll of vulnerability
 Q - a scroll of holy word
Potions
 e - 2 potions of magic
 i - 5 potions of curing
 n - 3 potions of berserk rage
 o - 2 potions of attraction
 q - a potion of resistance
 s - 8 potions of haste
 u - 3 potions of heal wounds
 w - 2 potions of brilliance
 C - 3 potions of might
 E - 5 potions of lignification
 G - 2 potions of mutation
 L - a potion of ambrosia
 R - 2 potions of cancellation
Miscellaneous
 h - a phantom mirror
 l - a lightning rod (4/4)


   Skills:
 - Level 6.0 Fighting
 - Level 12.0 Staves
 - Level 6.0 Dodging
 - Level 1.7 Stealth
 - Level 4.0 Shields
 - Level 10.0 Spellcasting
 - Level 10.0 Conjurations
 - Level 5.0 Transmutations
 + Level 15.9 Air Magic
 - Level 15.0 Invocations
 - Level 10.0 Evocations


You had 7 spell levels left.
You knew the following spells:

 Your Spells              Type           Power      Damage    Failure   Level
b - Conjure Ball Lightni  Conj/Air       48%        3x3d17    2%          6
e - Maxwell's Capacitive  Air            53%        ∞         30%         8
l - Summon Lightning Spi  Summ/Air       78%        N/A       1%          4
m - Iskenderun's Mystic   Conj/Tloc      46%        2d10      4%          4
w - Wereblood             Tmut           46%        N/A       1%          2
z - Airstrike             Air            53%        N/A       1%          4

Your spell library contained the following spells:

 Spells                   Type           Power      Damage    Failure   Level
 Shock                    Conj/Air       100%       1d9       0%          1
 Magic Dart               Conj           100%       1d8       1%          1
 Searing Ray              Conj           100%       2d8       1%          2
 Static Discharge         Conj/Air       97%        N/A       1%          2
 Dazzling Flash           Conj/Hex       92%        N/A       1%          3
 Lightning Bolt           Conj/Air       48%        1d69      1%          5
 Animate Skeleton         Necr           30%        N/A       3%          1
 Freeze                   Ice            60%        1d8       3%          1
 Pain                     Necr           60%        1d7       3%          1
 Spider Form              Tmut/Pois      15%        N/A       3%          3
 Blink                    Tloc           N/A        N/A       4%          2
 Ensorcelled Hibernation  Hex/Ice        30%        N/A       4%          2
 Sublimation of Blood     Necr           7%         N/A       4%          2
 Fulminant Prism          Conj/Hex       23%        3d13      4%          4
 Hailstorm                Conj/Ice       46%        3d11      4%          4
 Irradiate                Conj/Tmut      29%        3d23      4%          5
 Frozen Ramparts          Ice            30%        1d5       10%         3
 Gell's Gravitas          Tloc           7%         N/A       10%         3
 Lesser Beckoning         Tloc           15%        N/A       10%         3
 Teleport Other           Tloc           15%        N/A       10%         3
 Vampiric Draining        Necr           7%         2d7       10%         3
 Ice Form                 Ice/Tmut       31%        N/A       12%         4
 Petrify                  Tmut/Erth      31%        N/A       12%         4
 Blade Hands              Tmut           23%        N/A       12%         5
 Storm Form               Tmut/Air       44%        N/A       36%         7
 Iron Shot                Conj/Erth      23%        9d5       54%         6
 Starburst                Conj/Fire      23%        6d8       54%         6
 Lee's Rapid Deconstruct  Erth           7%         3d8*      65%         5
 Manifold Assault         Tloc           15%        N/A       65%         5
 Summon Forest            Summ/Tloc      7%         N/A       65%         5
 Summon Mana Viper        Hex/Summ       15%        N/A       65%         5
 Statue Form              Tmut/Erth      20%        N/A       87%         6
 Simulacrum               Ice/Necr       7%         N/A       99%         6
 Summon Cactus Giant      Summ           7%         N/A       99%         6
 Summon Hydra             Summ           7%         N/A       100%        7
 Fire Storm               Conj/Fire      23%        8d6       100%        9
 Animate Armour           Summ/Erth      Unusable   N/A       N/A         4

Dungeon Overview and Level Annotations

Branches:
Dungeon (15/15)            Temple (1/1) D:7            Lair (6/6) D:8
 Shoals (0/4) Lair:2        Snake (2/4) Lair:3        Slime (0/5) Lair:6
    Orc (2/2) D:11            Elf (0/3) Orc:2        Vaults (0/5) D:13
 Depths (0/4) D:15

Altars:
Ashenzari
Cheibriados
Dithmenos
Elyvilon
Fedhas
Gozag
Hepliaklqana
Kikubaaqudgha
Makhleb
Nemelex Xobeh
Okawaru
Qazlal
Ru
Sif Muna
Trog
Uskayaw
Vehumet
Wu Jian
Xom
Yredelemnul
Zin
The Shining One
Beogh
Jiyva

Shops:
D:9 (   D:14 ?   D:15 *   Orc:2 (**[:   Snake:2 [*

Portals:
Hell: Lair:6

Annotations:
Lair:6 2 transporters, qborf's ghost, journeyman FeEn
Snake:2 Vashnia


Innate Abilities, Weirdness & Mutations

You can breathe wild blasts of lightning.
Your glossy black scales are hard. (AC +9)
You cannot fit into any form of body armour.
Your large and strong wings let you fly.
You are resistant to electric shocks. (rElec)
You are cold-blooded and may be slowed by cold attacks.


Message History

The shock serpent is severely wounded.
The shock serpent's electric aura discharges, shocking you!
You resist. You block the salamander's attack. The shock serpent bites you!
The shock serpent shocks you. You resist.
You hit the shock serpent.
The shock serpent is almost dead.
You block the shock serpent's attack.
The salamander hits you from afar with a +0 halberd!
You are engulfed in flames.
You resist.
* * * LOW HITPOINT WARNING * * *
You hit the shock serpent.
Your tail-slap misses the shock serpent.
The shock serpent is almost dead.
The shock serpent shoots out a bolt of lightning at you!
The bolt of electricity hits you! You resist.
* * * LOW HITPOINT WARNING * * *
The bolt of electricity misses you.
The bolt of electricity hits the shock serpent.
The shock serpent completely resists.
You hit the shock serpent.
The shock serpent is almost dead.
The salamander hits you from afar with a +0 halberd!
* * * LOW HITPOINT WARNING * * *
You are engulfed in flames!
You resist.
* * * LOW HITPOINT WARNING * * *
You block the shock serpent's attack.
You hit the shock serpent.
Your tail-slap misses the shock serpent.
The shock serpent is almost dead.
The shock serpent shoots out a bolt of lightning at you!
The bolt of electricity hits you. You resist.
* * * LOW HITPOINT WARNING * * *
The bolt of electricity hits you. You resist.
* * * LOW HITPOINT WARNING * * *
The bolt of electricity hits the shock serpent.
The shock serpent completely resists.
You hit the shock serpent.
You kill the shock serpent!
The salamander hits you from afar with a +0 halberd.
You die...

##### #########
#...#######.......#
#...........#####.#
#...#########...#.# #...#
##.......# ####.@.#
##......#.# #..N..8#
##...⌠.....# #.######
##........#.# #.#
##......####..
..#######..⌠..#######.
.S##.⌠.##............#.
...#..).)#..............
N...#⌠.<..'.⌠.<.⌠..⌠...#.
.....#...))#............'.


You could see a salamander and a friendly lightning spire (summoned).

Vanquished Creatures
  Donald (Snake:1)
  An orc warlord (Orc:2)
  An ettin (Orc:1)
  An ice dragon (Lair:4)
  Fannar (D:10)
  4 boulder beetles
  10 hydras
  3 naga warriors (Snake:1)
  A rakshasa (D:14)
  7 centaur warriors
  4 vault guards (D:13)
  3 anacondas
  Erica (D:8)
  2 ogre magi
  A death knight (D:14)
  3 two-headed ogres
  4 death yaks
  3 orc high priests (Orc:2)
  2 tengu warriors (D:14)
  5 naga sharpshooters
  A shock serpent (Snake:2)
  A sun demon (Lair:6)
  The ghost of whitenoisemaker the Thaumaturge, a novice HuAE of Okawaru (D:8)
  Nergalle (D:12)
  A skeletal warrior (D:14)
  A salamander mystic (Snake:2)
  5 lindwurms (Lair:4)
  Pikel (D:5)
  3 wizards
  2 necromancers
  2 orc knights (Orc:2)
  A wolf spider zombie (D:14)
  3 deep elf pyromancers (D:15)
  5 orc sorcerers
  4 ugly things
  7 manticores
  A wolf spider (D:15)
  4 cyclopes
  2 salamanders (Snake:2)
  15 black mambas
  16 elephants
  2 naga magi
  8 cane toads
  A storm dragon simulacrum (D:14)
  A centaur skeleton (D:15)
  A smoke demon (Lair:6)
  A kobold demonologist (D:14)
  2 orange demons (Lair:6)
  An unseen horror (D:8)
  7 rime drakes
  7 komodo dragons
  2 freezing wraiths
  A redback zombie (D:15)
  2 ice devils (Lair:6)
  2 red devils (Lair:6)
  2 polar bears (Lair:3)
  6 trolls
  A slime creature (shapeshifter) (D:13)
  3 hornets
  35 blink frogs
  10 slime creatures
  5 dream sheep
  A blink frog (shapeshifter) (D:13)
  3 shadows
  3 vampires
  Sigmund (D:5)
  A centaur simulacrum (D:13)
  2 wraiths
  A tarantella (shapeshifter) (D:14)
  5 basilisks
  35 yaks
  7 wyverns
  2 vampire mosquitoes
  A steam dragon (D:8)
  Eustachio (D:4)
  Menkaure (D:5)
  5 wargs
  9 nagas
  16 water moccasins
  An acid dragon (D:12)
  4 hell hounds (Lair:6)
  26 orc warriors
  2 hornet zombies
  An ice beast (D:5)
  4 necrophages
  4 black bears
  6 ogres
  5 boggarts
  8 centaurs
  10 wolves
  3 phantoms
  3 lemures (D:6)
  4 kobold brigands
  11 bullfrogs
  A gnoll sergeant (D:9)
  3 scorpions
  2 wyvern skeletons (D:7)
  2 jellies (D:8)
  2 water moccasin skeletons
  9 killer bees
  18 wights
  4 electric eels
  4 howler monkeys
  Crazy Yiuf (D:5)
  A hound (D:5)
  4 centaur zombies
  A bullfrog skeleton (D:4)
  8 orc priests
  Ijyb (D:3)
  Terence (D:3)
  An iguana (D:7)
  Natasha (thrice) (D:3)
  14 orc wizards
  5 hell rats (Lair:6)
  A hound skeleton (D:4)
  3 gnolls (D:9)
  2 howler monkey zombies
  7 adders
  2 white imps (D:6)
  11 dart slugs
  35 orcs
  4 ball pythons
  3 bats
  5 endoplasms
  A giant cockroach (D:2)
  11 goblins
  3 hobgoblins
  5 jackals (D:1)
  2 quokkas
  A frilled lizard (D:1)
  24 kobolds
  5 rats
631 creatures vanquished.

Vanquished Creatures (collateral kills)
  Rupert (D:12)
  Erolcha (D:12)
  A naga warrior (Snake:1)
  An anaconda (Snake:2)
  An orc high priest (Orc:2)
  A naga sharpshooter (Snake:2)
  2 salamanders (Snake:2)
  4 naga magi
  2 black mambas
  A slime creature (D:15)
  A yak (D:9)
  4 nagas
  An orc warrior (Orc:2)
  A meliai simulacrum (D:12)
  A gnoll sergeant (Orc:2)
  A jelly (D:8)
  2 orc wizards
  4 gnolls (Orc:2)
  4 orcs
34 creatures vanquished.

Vanquished Creatures (others)
  A hydra (D:14)
  A cane toad (Lair:6)
  3 slime creatures
  A yak (D:9)
  73 fungi
  179 plants
  3 toadstools (D:7)
261 creatures vanquished.

Grand Total: 926 creatures vanquished

Notes
Turn   | Place    | Note
-------+----------+-------------------------------------------
     0 | D:1      | Armakuni the Draconian Conjurer began the quest for the
                  | Orb.
     0 | D:1      | Reached XP level 1. HP: 14/14 MP: 3/3
   201 | D:1      | Reached XP level 2. HP: 18/20 MP: 0/5
   257 | D:1      | Learned a level 2 spell: Searing Ray
  1004 | D:1      | Reached XP level 3. HP: 26/26 MP: 3/6
  1605 | D:2      | Reached skill level 5 in Conjurations
  1838 | D:2      | Reached XP level 4. HP: 31/33 MP: 1/8
  2849 | D:3      | Noticed Terence
  2862 | D:3      | Killed Terence
  3125 | D:3      | Noticed Natasha
  3128 | D:3      | Killed Natasha
  3129 | D:3      | Reached XP level 5. HP: 38/38 MP: 4/9
  3373 | D:3      | Noticed Natasha
  3380 | D:3      | Killed Natasha
  3462 | D:3      | Found a shimmering altar of Xom.
  3481 | D:3      | Noticed Natasha
  3490 | D:3      | Killed Natasha
  3675 | D:3      | Noticed Ijyb
  3680 | D:3      | Killed Ijyb
  3896 | D:4      | Found a glowing golden altar of the Shining One.
  3962 | D:4      | Noticed a phantom
  3974 | D:4      | Killed a phantom
  3975 | D:4      | Reached XP level 6. HP: 40/45 MP: 1/11
  5188 | D:4      | Became a worshipper of the Shining One
  5214 | D:5      | Entered Level 5 of the Dungeon
  5268 | D:5      | Found a glowing silver altar of Zin.
  5268 | D:5      | Noticed an angel
  5523 | D:5      | Noticed Sigmund
  5552 | D:5      | Killed Sigmund
  5553 | D:5      | Your scales start taking on a glossy black colour.
  5553 | D:5      | Reached XP level 7. HP: 50/50 MP: 3/13
  5553 | D:5      | Gained mutation: You are resistant to electric shocks.
                  | (rElec) [Black Draconian growth]
  5681 | D:5      | Noticed Eustachio
  5710 | D:4      | Killed Eustachio
  5711 | D:4      | Reached skill level 5 in Spellcasting
  5885 | D:5      | Reached XP level 8. HP: 57/57 MP: 6/15
  5966 | D:5      | Found a runed translucent door.
  5967 | D:5      | Noticed Crazy Yiuf
  5971 | D:5      | Killed Crazy Yiuf
  6066 | D:5      | Noticed Menkaure
  6078 | D:5      | Killed Menkaure
  6639 | D:5      | Learned a level 4 spell: Iskenderun's Mystic Blast
  7011 | D:6      | Reached * piety under the Shining One
  7097 | D:6      | Noticed a boulder beetle
  7142 | D:6      | Reached skill level 10 in Conjurations
  7247 | D:6      | Noticed Pikel
  7269 | D:5      | Killed Pikel
  7270 | D:5      | Reached XP level 9. HP: 18/62 MP: 10/20
  7706 | D:6      | Learned a level 3 spell: Spider Form
  7724 | D:6      | Killed a boulder beetle
  8142 | D:6      | Reached ** piety under the Shining One
  8462 | D:6      | Found a hide-covered altar of Uskayaw.
  8486 | D:6      | Reached skill level 10 in Spellcasting
  8797 | D:7      | Reached skill level 1 in Transmutations
  8966 | D:7      | Found a basalt altar of Yredelemnul.
  9079 | D:7      | Reached XP level 10. HP: 37/69 MP: 18/24
  9397 | D:7      | Found a staircase to the Ecumenical Temple.
  9409 | Temple   | Entered the Ecumenical Temple
  9549 | D:7      | Found a white marble altar of Elyvilon.
 10029 | D:8      | Paralysed by a hornet for 2 turns
 10030 | D:8      | Reached skill level 5 in Transmutations
 10030 | D:8      | Reached skill level 1 in Fighting
 10222 | D:8      | Found a bloodstained altar of Trog.
 10292 | D:8      | Found a snail-covered altar of Cheibriados.
 10718 | D:8      | Noticed Erica
 10738 | D:8      | Killed Erica
 10763 | D:8      | Found a runed translucent door.
 10773 | D:8      | Found a blossoming altar of Fedhas.
 10893 | D:8      | Noticed whitenoisemaker's ghost (novice HuAE)
 10893 | D:8      | Reached *** piety under the Shining One
 10969 | D:8      | Reached skill level 5 in Fighting
 11019 | D:8      | Found a sparkling altar of Nemelex Xobeh.
 11043 | D:8      | Found an iron altar of Okawaru.
 11276 | D:8      | Found a staircase to the Lair.
 11443 | D:9      | Reached skill level 5 in Dodging
 11443 | D:9      | Found Xynaxo's Weapon Emporium.
 11820 | D:9      | Reached **** piety under the Shining One
 11877 | D:9      | Found a hazy altar of Hepliaklqana.
 12229 | D:8      | Reached XP level 11. HP: 51/89 MP: 8/25
 12236 | D:8      | Reached skill level 1 in Staves
 12460 | D:9      | Learned a level 2 spell: Wereblood
 13052 | D:10     | Entered Level 10 of the Dungeon
 13057 | D:10     | Noticed an ogre mage
 13129 | Lair:1   | Entered Level 1 of the Lair of Beasts
 13137 | Lair:1   | Reached skill level 1 in Shields
 13604 | Lair:1   | Noticed a five-headed hydra
 13619 | Lair:1   | Killed a five-headed hydra
 14304 | Lair:2   | Found a staircase to the Shoals.
 14311 | Lair:2   | Reached skill level 5 in Staves
 15286 | Lair:2   | Reached skill level 5 in Invocations
 15545 | Lair:2   | Identified the +0 scale mail "Veixkom" {rElec Str+8}
 15923 | Lair:3   | Reached skill level 1 in Air Magic
 15930 | Lair:3   | Reached skill level 1 in Evocations
 16016 | Lair:3   | Upgraded the game from 0.28-a0-657-g71136c5590 to
                  | 0.28-a0-664-gc179e30c89
 16076 | Lair:3   | Reached XP level 12. HP: 55/96 MP: 2/26
 16553 | Lair:3   | Noticed a seven-headed hydra
 16556 | Lair:3   | Noticed a four-headed hydra
 16561 | Lair:3   | Killed a seven-headed hydra
 16564 | Lair:3   | Killed a four-headed hydra
 16815 | Lair:3   | Found a staircase to the Snake Pit.
 16962 | Lair:3   | Noticed a five-headed hydra
 16969 | Lair:3   | Killed a five-headed hydra
 17009 | Lair:3   | Noticed a five-headed hydra
 17018 | Lair:3   | Killed a five-headed hydra
 17019 | Lair:3   | Reached skill level 5 in Air Magic
 17237 | Lair:3   | Reached ***** piety under the Shining One
 17744 | Lair:3   | Reached skill level 5 in Evocations
 18499 | Lair:4   | Noticed a death yak
 18518 | Lair:4   | Noticed a death yak
 18519 | Lair:4   | Noticed a death yak
 18520 | Lair:4   | Noticed a death yak
 18867 | Lair:3   | Killed a death yak
 19395 | Lair:4   | Reached XP level 13. HP: 102/102 MP: 15/27
 20310 | Lair:3   | Learned a level 5 spell: Blade Hands
 21296 | Lair:4   | Got the Tome of Igneous Weightlessness
 21329 | Lair:5   | Learned a level 4 spell: Summon Lightning Spire
 21517 | Lair:5   | Reached skill level 10 in Invocations
 22296 | Lair:5   | You fall into a shaft and drop 1 floor!
 22296 | Lair:6   | Entered Level 6 of the Lair of Beasts
 22347 | Lair:6   | Reached skill level 10 in Air Magic
 23511 | Lair:6   | Found a staircase to the Slime Pits.
 23751 | Lair:6   | Found a viscous altar of Jiyva.
 23937 | Lair:6   | Gained mutation: Your large and strong wings let you fly.
                  | [Black Draconian growth]
 23937 | Lair:6   | Reached XP level 14. HP: 110/110 MP: 19/28
 24400 | Lair:6   | Reached skill level 10 in Evocations
 24856 | Lair:6   | Found a burning altar of Makhleb.
 24885 | Lair:6   | Found a gateway to Hell.
 25174 | Lair:6   | Found a transporter.
 25183 | Lair:6   | Identified the +1 leather armour of Rejeh {rC+ Str+4 Dex+2}
 25185 | Lair:6   | Noticed qborf's ghost (journeyman FeEn)
 25194 | Lair:6   | Found a transporter.
 25846 | D:8      | Killed whitenoisemaker's ghost
 26345 | D:10     | Noticed Fannar
 26360 | D:10     | Killed Fannar
 26626 | D:10     | Found an opulent altar of Gozag.
 27206 | D:11     | Found a staircase to the Orcish Mines.
 27968 | D:10     | You are sucked into a shaft and drop 3 floors!
 28146 | D:13     | Found a gate to the Vaults.
 28180 | D:13     | Reached skill level 10 in Staves
 28410 | D:13     | Paralysed by a hornet for 1 turns
 28660 | D:12     | Noticed Rupert
 28668 | D:12     | Killed Rupert
 28843 | D:12     | Noticed Nergalle
 28849 | D:12     | Killed Nergalle
 29499 | D:12     | Noticed Erolcha
 29511 | D:12     | Killed Erolcha
 29922 | D:13     | Reached XP level 15. HP: 73/115 MP: 19/29
 32168 | D:14     | Found Mithaseo's Magic Scroll Emporium.
 32171 | D:14     | Bought a scroll of teleportation for 51 gold pieces
 32171 | D:14     | Bought a scroll of teleportation for 51 gold pieces
 32171 | D:14     | Bought a scroll of teleportation for 51 gold pieces
 32379 | D:14     | Identified a scroll of acquirement
 32380 | D:14     | Acquired 1187 gold pieces
 32805 | D:15     | Entered Level 15 of the Dungeon
 33212 | D:15     | Reached skill level 15 in Invocations
 33289 | D:15     | Found a staircase to the Depths.
 33333 | D:15     | Found Deyjab's Assorted Antiques.
 33342 | D:15     | Bought a scroll of identify for 56 gold pieces
 33342 | D:15     | Bought a scroll of identify for 56 gold pieces
 33485 | D:15     | Learned a level 8 spell: Maxwell's Capacitive Coupling
 34550 | Orc:1    | Entered Level 1 of the Orcish Mines
 35518 | Orc:2    | Entered Level 2 of the Orcish Mines
 35518 | Orc:2    | Found Mawaduv's General Store.
 35607 | Orc:2    | Found Puloneo's Book Shop.
 35721 | Orc:2    | Paralysed by an orc sorcerer for 7 turns
 35739 | Orc:2    | Bought a book of Storms for 544 gold pieces
 35739 | Orc:2    | Bought Lee's Incunabulum of Dusty Battle Magic for 850 gold
                  | pieces
 35745 | Orc:2    | Learned a level 4 spell: Airstrike
 36168 | Orc:2    | Found Nyjoat's Antique Weapon Boutique.
 36168 | Orc:2    | Noticed an orc warlord
 36185 | Orc:2    | Killed an orc warlord
 36343 | Orc:2    | Bought a potion of heal wounds for 70 gold pieces
 36644 | Orc:2    | Found Ecsor's Antique Armour Shop.
 36652 | Orc:2    | Found a staircase to the Elven Halls.
 36679 | Orc:2    | Reached ****** piety under the Shining One
 37184 | Orc:2    | Found Porr's General Store.
 37192 | Orc:2    | Bought a scroll of fog for 24 gold pieces
 37192 | Orc:2    | Bought a scroll of amnesia for 42 gold pieces
 37289 | Orc:2    | Bought an Inescapable Atlas for 578 gold pieces
 37298 | Orc:2    | Learned a level 6 spell: Conjure Ball Lightning
 37479 | Lair:1   | Identified a +9 broad axe of holy wrath (a +7 broad axe of
                  | electrocution blessed by the Shining One)
 37479 | Lair:1   | Received a gift from the Shining One
 37527 | Snake:1  | Entered Level 1 of the Snake Pit
 37527 | Snake:1  | Noticed Donald
 37539 | Snake:1  | Killed Donald
 38451 | Snake:1  | Reached XP level 16. HP: 116/122 MP: 26/30
 39431 | Snake:2  | Found Nakh's Armour Shop.
 39451 | Snake:2  | Reached skill level 15 in Air Magic
 39817 | Snake:2  | Found Putias's General Store.
 40439 | Snake:2  | Noticed Vashnia
 40487 | Snake:2  | HP: 5/122 [naga/splash of poison (7)]
 40489 | Snake:1  | HP: 1/122 [poisoned by a naga (splash of poison)]
 41406 | Snake:2  | HP: 4/122 [shock serpent/bolt of electricity (6)]
 41406 | Snake:2  | HP: 1/122 [shock serpent/bolt of electricity (3)]
 41407 | Snake:2  | Slain by a salamander

Illustrated notes

Levels and vault maps discovered:
D:1:      minmay_arrival_diagonal_passages, layout_basic
D:2:      minmay_evil_eye, layout_basic
D:3:      layout_loops_ring, marbit_many_paths, nicolae_underground_beach,
          uniq_ijyb, uniq_natasha, uniq_terence
D:4:      layout_layer_cave, mainiacjoe_overflow_catwalk
D:5:      layout_loops_corners, zin_angel, uniq_crazy_yiuf_cottage,
          uniq_menkaure, uniq_sigmund, uniq_eustachio
D:6:      kennysheep_slugbush, layout_basic,
          mainiacjoe_overflow_concentric_impassable, uniq_pikel
D:7:      layout_rooms, mainiacjoe_overflow_alcove_4,
          mainiacjoe_overflow_brackets, minmay_temple_entry_sparse_star,
          minmay_gold_behind_fungi
D:8:      layout_loops_ring, lemuel_crystal_altar, old_standard_altar,
          nemelex_diamond_rough_becter, mainiacjoe_overflow_24_doors,
          okawaru_metal_pillars_1_2, lair_entry_dummy,
          hellmonk_ghost_happy_afterlife, minmay_misc_feat_plants, uniq_erica
D:9:      layout_cave_pools, nicolae_hepliaklqana_hazy_memory, serial_shops,
          shop
D:10:     cheibrodos_elevator_heist, layout_loops_ring, kennysheep_mini,
          uniq_fannar
D:11:     layout_basic, orc_0_dummy, hangedman_decor_peaks_small
D:12:     layout_roguey, uniq_nergalle, uniq_rupert, uniq_erolcha
D:13:     layout_basic, lightli_vaults_fourway_checkpoint, drop_trap,
          minmay_microvault
D:14:     layout_cave_pods, serial_shops, nicolae_shop_trees, nicolae_wwwww,
          minmay_hollow_rounded_squares
D:15:     grunt_enter_depths_magical_seal, layout_basic, serial_shops,
          nicolae_square_shop, minmay_fountain_box, serial_co_window_serial,
          co_window_corner_a, co_window_paths_a, co_window_paths_b,
          co_window_paths_a, co_window_corner_a, co_window_of_opportunity_b,
          co_window_unsneaky_path_a, co_window_unsneaky_path_b,
          co_window_broadway_a, co_window_corner_b, co_window_unsneaky_path_e,
          co_window_paths_d, co_window_4corner_b, glass_columns_b,
          glass_columns_b
Temple:   jpeg_temple_island
Lair:1:   layout_long_grid, grunt_megastairs_2
Lair:2:   layout_cellular_growth, minmay_shoals_entry_centaurs,
          beast_lair_carwin_8
Lair:3:   layout_hall_layers, minmay_snake_entry_six_corridors,
          serial_bayou_lake_a
Lair:4:   dragon1_lemuel, layout_regular_city, minmay_lindwurm_lava,
          lemuel_fruit_tree, serial_bayou_shore_b
Lair:5:   layout_hall_layers, serial_bayou_pond_a,
          chequers_serial_rivers_small_a
Lair:6:   evil_forest, layout_regular_city, slime_altar_1, nzn_ghost_randoct,
          serial_bayou_shore_a
Snake:1:  layout_grid_maze, uniq_donald
Snake:2:  layout_misc_corridors, nicolae_snake_snakes_in_the_grass,
          grunt_megastairs_3, minmay_shop_star, uniq_aizul, uniq_vashnia
Orc:1:    layout_diamond_mine
Orc:2:    grunt_orc_gardens, layout_diamond_mine, grunt_orc_garden,
          grunt_orc_garden, grunt_orc_garden, grunt_orc_garden, serial_shops,
          nicolae_shop_statue_plus, bh_open_orc_temple

Skill      XL: |  1  2  3  4  5  6  7  8  9 10 11 12 13 14 15 16 |
---------------+-------------------------------------------------+-----
Conjurations   | 5 6 7 8 10 | 10.0
Spellcasting   | 3 4 5 7 10 | 10.0
Transmutations | 3 5 |  5.0
Fighting       | 6 |  6.0
Dodging        | 5 6 |  6.0
Staves         | 6 11 12 | 12.0
Shields        | 4 |  4.0
Invocations    | 5 9 11 13 15 | 15.0
Air Magic      | 2 7 10 14 15 | 15.9
Evocations     | 2 6 9 10 | 10.0
Stealth        | |  1.7

Action                   |  1- 3 |  4- 6 |  7- 9 | 10-12 | 13-15 | 16-18 || total
-------------------------+-------+-------+-------+-------+-------+-------++-------
Melee: Unarmed           |     8 |     6 |    18 |       |       |       ||    32
       Tailslap          |     1 |       |       |    11 |   115 |    13 ||   140
       Hand axe          |       |     1 |     3 |       |       |       ||     4
       Staff             |       |       |     1 |    43 |   918 |   104 ||  1066
 Cast: Magic Dart        |    15 |     1 |       |       |       |       ||    16
       Searing Ray       |    24 |    34 |    56 |   124 |    66 |       ||   304
       Spider Form       |       |       |     3 |       |       |       ||     3
       Iskenderun's Myst |       |       |       |   115 |   113 |     4 ||   232
       Airstrike         |       |       |       |       |    23 |       ||    23
       Summon Lightning  |       |       |       |       |    11 |    19 ||    30
       Conjure Ball Ligh |       |       |       |       |     1 |       ||     1
Invok: Divine Shield     |       |       |       |     4 |    21 |     2 ||    27
       Cleansing Flame   |       |       |       |       |    20 |     1 ||    21
       Summon Divine War |       |       |       |       |     1 |       ||     1
       Brand Weapon With |       |       |       |       |     1 |       ||     1
 Abil: Breathe Lightning |       |       |    10 |    17 |    18 |       ||    45
Evoke: Wand              |       |       |    11 |    64 |    41 |       ||   116
       Phantom mirror    |       |       |       |     1 |     4 |       ||     5
       Lightning rod     |       |       |       |       |    17 |       ||    17
  Use: Scroll            |       |     8 |     6 |    14 |    23 |     1 ||    52
       Potion            |       |     2 |     2 |     3 |     8 |     1 ||    16
Armor: Skin              |     3 |    13 |    24 |   152 |   279 |    24 ||   495
Dodge: Dodged            |    12 |    25 |    53 |   247 |   475 |    56 ||   868
Block: Buckler           |       |       |       |    84 |   420 |    41 ||   545

Table legend: (Time is in decaauts)
 A = Elapsed time spent in this place.
 B = Non-inter-level travel time spent in this place.
 C = Inter-level travel time spent in this place.
 D = Time resting spent in this place.
 E = Time spent auto-exploring this place.
 F = Levels seen in this place.
 G = Mean time per level.
                   A        B        C        D        E       F      G
               +--------+--------+--------+--------+--------+-----+--------+
         Total |  41221 |  39352 |   1869 |  14698 |  18179 |  26 | 1585.4 |
       Dungeon |  21796 |  20647 |   1149 |   5372 |  12103 |  15 | 1453.1 |
        Temple |     77 |     40 |     37 |      0 |      0 |   1 |   77.0 |
          Lair |  12778 |  12307 |    471 |   5826 |   4166 |   6 | 2129.7 |
     Snake Pit |   3825 |   3703 |    122 |   2419 |    795 |   2 | 1912.5 |
  Orcish Mines |   2742 |   2653 |     89 |   1081 |   1115 |   2 | 1371.0 |
               +--------+--------+--------+--------+--------+-----+--------+

Top non-repeatable levels by time:
  Lair:3: 3549 daAuts
 Snake:1: 2905 daAuts
  Lair:5: 2144 daAuts
    D:14: 2142 daAuts
     D:5: 2141 daAuts
  Lair:6: 2093 daAuts
     D:8: 2018 daAuts
  Lair:4: 1904 daAuts
  Lair:2: 1814 daAuts
    D:15: 1646 daAuts
     D:3: 1471 daAuts
   Orc:2: 1404 daAuts
     D:6: 1398 daAuts
     D:4: 1392 daAuts
     D:7: 1344 daAuts
